 Dungeon Crawl Stone Soup version 0.28.0-43-g3370ac3207 (webtiles) character file.

Game seed: 5388479467434498086

6497 hawla the Cruncher (level 10, 0/56 HPs)
             Began as a Deep Elf Earth Elementalist on Mar 2, 2022.
             Was a Priest of Vehumet.
             Slain by a two-headed ogre
             ... wielding a +0 giant spiked club
              (31 damage)
             ... on level 9 of the Dungeon.
             The game lasted 00:38:28 (11039 turns).

hawla the Cruncher (Deep Elf Earth Elementalist)   Turns: 11039, Time: 00:38:28

Health: 0/56       AC: 12    Str: 11    XL:     10   Next: 68%
Magic:  19/22      EV: 21    Int: 25    God:    Vehumet [***...]
Gold:   496        SH:  0    Dex: 15    Spells: 6/23 levels left

rFire   . . .      SeeInvis +   F - +7 Spriggan's Knife {stab, EV+4 Stlth+}
rCold   + + +      Faith    .   (no shield)
rNeg    . . .      Spirit   .   p - +4 skin of Zhor {*Englaciate rC+++ SInv}
rPois   .          Reflect  .   w - +0 helmet
rElec   .          Harm     .   q - +2 cloak
rCorr   .          Rampage  .   (no gloves)
Will    ++...                   g - +1 pair of boots
Stlth   ++++......              (no amulet)
HPRegen 0.18/turn               f - +6 ring of strength
MPRegen 0.18/turn               n - +4 ring of evasion

@: no status effects
A: cold resistance 1, strong-willed 1, noise suppression
a: Renounce Religion


You were on level 9 of the Dungeon.
You worshipped Vehumet.
Vehumet was most pleased with you.
You visited 2 branches of the dungeon, and saw 10 of its levels.
You also visited: Ossuary and Bailey.

You collected 496 gold pieces.

Inventory:

Hand Weapons
 r - a +0 quarterstaff
 F - the +7 Spriggan's Knife (weapon) {stab, EV+4 Stlth+}
   (You found it on level 7 of the Dungeon)

   It is more effective when stabbing unaware enemies, treating them as though
   they were completely helpless.
   EV:        It affects your evasion (+4).
   Stlth:     It makes you more stealthy.
Missiles
 a - 104 stones
 c - 12 poisoned darts
 k - 4 atropa-tipped darts (quivered)
 o - 3 curare-tipped darts
 t - 6 boomerangs
 v - 3 javelins
 A - 2 throwing nets
Armour
 g - a +1 pair of boots (worn)
 p - the +4 skin of Zhor (worn) {*Englaciate rC+++ SInv}
   (You found it on level 3 of the Dungeon)

   It radiates cold, occasionally slowing all nearby creatures who are not
   resistant to cold.
   rC:        It renders you almost immune to cold.
   SInv:      It lets you see invisible.
 q - a +2 cloak (worn)
 w - a +0 helmet (worn)
Magical Staves
 z - a staff of air
Jewellery
 f - a +6 ring of strength (left hand)
 n - a +4 ring of evasion (right hand)
 D - a +4 ring of evasion
 G - an amulet of regeneration
Wands
 b - a wand of paralysis (15)
 C - a wand of flame (21)
Scrolls
 d - 5 scrolls of teleportation
 h - a scroll of enchant armour
 x - 3 scrolls of enchant weapon
 y - 3 scrolls of fear
 B - a scroll of identify
 E - 2 scrolls of holy word
Potions
 i - 5 potions of invisibility
 j - a potion of haste
 l - a potion of flight
 m - a potion of curing
 s - 3 potions of brilliance
 u - a potion of heal wounds
Miscellaneous
 e - a phantom mirror


   Skills:
 - Level 3.0 Fighting
 - Level 2.0 Short Blades
 + Level 9.0 Staves
 - Level 3.0 Dodging
 + Level 6.5 Stealth
 - Level 7.0 Spellcasting
 + Level 7.9 Conjurations
 - Level 2.0 Transmutations
 - Level 3.0 Fire Magic
 + Level 8.6 Earth Magic


You had 6 spell levels left.
You knew the following spells:

 Your Spells              Type           Power      Damage    Failure   Level
a - Sandblast             Erth           100%       2d20      1%          1
b - Scorch                Fire           46%        2d7       1%          2
c - Stone Arrow           Conj/Erth      100%       3d13      1%          3
d - Iron Shot             Conj/Erth      25%        9d5       10%         6
e - Passwall              Tmut/Erth      29%        N/A       1%          2
f - Conjure Flame         Conj/Fire      36%        6-21      1%          3

Your spell library contained the following spells:

 Spells                   Type           Power      Damage    Failure   Level
 Static Discharge         Conj/Air       28%        N/A       1%          2
 Foxfire                  Conj/Fire      100%       2x1d9     1%          1
 Magic Dart               Conj           100%       1d8       1%          1
 Mephitic Cloud           Conj/Pois/Air  21%        N/A       1%          3
 Flame Wave               Conj/Fire      36%        2d9       1%          4
 Inner Flame              Hex/Fire       16%        N/A       3%          3
 Petrify                  Tmut/Erth      35%        N/A       8%          4
 Call Imp                 Summ           8%         N/A       10%         2
 Animate Armour           Summ/Erth      60%        N/A       11%         4
 Blade Hands              Tmut           9%         N/A       63%         5
 Summon Cactus Giant      Summ           4%         N/A       100%        6


Dungeon Overview and Level Annotations

Branches:
Dungeon (9/15)             Temple (1/1) D:5         Ossuary (visited)
 Bailey (visited)
   Lair: D:8-11         Orc: D:9-12

Altars:
Ashenzari
Cheibriados
Dithmenos
Elyvilon
Fedhas
Gozag
Hepliaklqana
Kikubaaqudgha
Makhleb
Nemelex Xobeh
Okawaru
Qazlal
Ru
Sif Muna
Trog
Uskayaw
Vehumet
Wu Jian
Xom
Yredelemnul
Zin
The Shining One

Shops:
D:3 !   D:7 (

Annotations:
D:8 Pikel


Innate Abilities, Weirdness & Mutations

Your flesh is cold resistant. (rC+)
You are strong-willed. (Will+)
You passively dampen the noise of your surroundings.


Message History

The howler monkey completely misses you.
You hit the howler monkey.
The howler monkey is severely wounded.
The howler monkey misses you.
You barely miss the howler monkey.
The howler monkey is severely wounded.
You hit the howler monkey.
The howler monkey is almost dead.
The howler monkey barely misses you.
You closely miss the howler monkey.
The howler monkey is almost dead.
The howler monkey misses you.
You barely miss the howler monkey.
The howler monkey is almost dead.
You puncture the howler monkey!
You kill the howler monkey!
Vehumet accepts your kill.
No target in view!
G - an amulet of regeneration A two-headed ogre comes into view.
It is wielding a +0 giant spiked club and a +0 giant club.
Found 8 gold pieces.
You radiate an aura of cold.
The two-headed ogre seems to slow down.
A two-headed ogre is nearby!
A two-headed ogre is nearby!
A two-headed ogre is nearby!
The two-headed ogre is no longer moving slowly.
The two-headed ogre shouts in stereo!
The two-headed ogre misses you.
The two-headed ogre hits you with a +0 giant club!!
You hit the two-headed ogre but do no damage.
Casting: Iron Shot (quite dangerous; 10% risk of failure)
Confirm with . or Enter, or press ? or * to list all spells.
Aiming: Stone Arrow (safe; 1% risk of failure)
Press: ? - help, Shift-Dir - straight line, f - two-headed ogre
Aim: a two-headed ogre, wielding a +0 giant spiked club and a +0 giant club (89% to hit)
The stone arrow hits the two-headed ogre!!
The two-headed ogre is heavily wounded.
The two-headed ogre hits you with a +0 giant spiked club!!
Ouch! That really hurt!
You die...

.....................,,,,,......#
...........)..........,,,,,.....#
.#####...........<...#******#....
.# #..###..........# #.... .#
#..###..........# #....
.#####...............########....
...................$.........>.##
.................O.............#
................@..............#
.........##...###..............#
.........##...# #....#######...#
.........##...###....# #...#
.....................# #...##
.....................#######.....
.####............................
.# #............................
.# #......................######


You could see a two-headed ogre.

Vanquished Creatures
  An orc knight (Bailey)
  A hornet (D:8)
  2 slime creatures (D:9)
  A shadow (D:9)
  A wyvern (D:8)
  An acid dragon (D:9)
  A water moccasin (D:5)
  2 sky beasts
  7 orc warriors (Bailey)
  4 necrophages (D:9)
  3 ice beasts
  An ogre (D:4)
  4 centaurs
  A phantom (D:5)
  A kobold brigand (D:8)
  A gnoll sergeant (D:8)
  A wyvern zombie (D:9)
  3 bullfrogs
  2 water moccasin skeletons
  13 killer bees
  A wight (D:9)
  2 howler monkeys (D:9)
  6 centaur zombies
  A bullfrog zombie (D:6)
  A human zombie (D:9)
  2 hounds
  2 iguanas
  4 orc wizards
  A killer bee zombie (D:5)
  5 mummies
  2 howler monkey zombies (D:9)
  5 adders
  13 gnolls
  2 shadow imps (D:6)
  A white imp (D:5)
  2 ufetubi (D:5)
  An adder skeleton (D:2)
  A worm (D:2)
  A dart slug (D:2)
  38 orcs
  A ball python (D:3)
  4 bats
  5 endoplasms
  2 giant cockroaches
  7 goblins
  6 hobgoblins
  4 jackals (D:5)
  8 kobolds
  4 quokkas
  A frilled lizard (D:3)
  A gnoll zombie (Ossuary)
  2 goblin zombies (Ossuary)
  A hobgoblin zombie (Ossuary)
  2 kobold zombies (Ossuary)
  8 rats
198 creatures vanquished.

Vanquished Creatures (collateral kills)
  3 slime creatures (D:9)
  An orc (Bailey)
4 creatures vanquished.

Grand Total: 202 creatures vanquished

Notes
Turn   | Place    | Note
-------+----------+-------------------------------------------
     0 | D:1      | hawla the Deep Elf Earth Elementalist began the quest for
                  | the Orb.
     0 | D:1      | Reached XP level 1. HP: 10/10 MP: 6/6
   255 | D:1      | Reached XP level 2. HP: 13/15 MP: 6/8
   772 | D:2      | Found a shadowy altar of Dithmenos.
   824 | D:2      | Reached XP level 3. HP: 19/19 MP: 7/10
  1368 | D:3      | Reached XP level 4. HP: 13/24 MP: 2/12
  1521 | D:3      | Found Posibben's Distillery.
  1528 | D:3      | Learned a level 2 spell: Scorch
  1532 | D:3      | Learned a level 3 spell: Stone Arrow
  1615 | D:3      | Found the +4 skin of Zhor {*Englaciate rC+++ SInv}
  2125 | D:4      | Found a bloodstained altar of Trog.
  2149 | D:4      | Reached skill level 5 in Spellcasting
  2149 | D:4      | Reached skill level 1 in Fire Magic
  2149 | D:4      | Noticed an ogre
  2264 | D:4      | Found a glowing silver altar of Zin.
  2334 | D:4      | Killed an ogre
  2335 | D:4      | Reached XP level 5. HP: 28/28 MP: 9/15
  3306 | D:5      | Entered Level 5 of the Dungeon
  3310 | D:5      | Reached skill level 1 in Conjurations
  3351 | D:5      | Noticed an ice beast
  3353 | D:5      | Noticed a centaur
  3373 | D:4      | Killed an ice beast
  3374 | D:4      | Reached skill level 5 in Earth Magic
  3374 | D:4      | Reached XP level 6. HP: 29/32 MP: 0/17
  3603 | D:5      | Noticed a sky beast
  3613 | D:5      | Killed a sky beast
  3614 | D:5      | Reached skill level 1 in Staves
  3614 | D:5      | Reached XP level 7. HP: 24/37 MP: 4/18
  3619 | D:5      | Reached skill level 1 in Fighting
  3834 | D:5      | Found a staircase to the Ecumenical Temple.
  3854 | Temple   | Entered the Ecumenical Temple
  4052 | Temple   | Became a worshipper of Vehumet
  4229 | D:4      | Reached skill level 2 in Staves
  4486 | D:5      | Found a sacrificial altar of Ru.
  4646 | D:5      | Reached skill level 3 in Staves
  4816 | D:5      | Reached XP level 8. HP: 44/44 MP: 11/20
  5043 | D:6      | Reached skill level 4 in Staves
  5069 | D:6      | Found a sand-covered staircase.
  5076 | Ossuary  | Entered an ossuary
  5084 | Ossuary  | Learned a level 6 spell: Iron Shot
  5240 | Ossuary  | Reached * piety under Vehumet
  5240 | Ossuary  | Offered knowledge of Shock by Vehumet.
  5917 | D:6      | Found a basalt altar of Yredelemnul.
  6372 | D:7      | Found the +7 Spriggan's Knife {stab, EV+4 Stlth+}
  6630 | D:7      | Reached skill level 5 in Staves
  6688 | D:7      | Found Lezxic's Antique Weapon Shoppe.
  6909 | D:7      | Reached XP level 9. HP: 50/50 MP: 14/21
  7015 | D:7      | Reached skill level 5 in Conjurations
  7021 | D:7      | Reached skill level 6 in Staves
  7355 | D:7      | Found a snail-covered altar of Cheibriados.
  7413 | D:8      | Gained mutation: You are strong-willed. (Will+) [potion of
                  | mutation]
  7413 | D:8      | Gained mutation: Your flesh is cold resistant. (rC+)
                  | [potion of mutation]
  7413 | D:8      | Gained mutation: You passively dampen the noise of your
                  | surroundings. [potion of mutation]
  7802 | D:8      | Offered knowledge of Foxfire by Vehumet.
  7804 | D:8      | Reached skill level 7 in Staves
  7804 | D:8      | Reached ** piety under Vehumet
  8126 | D:8      | Noticed Pikel
  8439 | D:9      | Found a flagged portal.
  8454 | Bailey   | Entered a bailey
  8504 | Bailey   | Learned a level 2 spell: Passwall
  8508 | Bailey   | Learned a level 3 spell: Conjure Flame
  9020 | Bailey   | Reached skill level 8 in Staves
  9080 | Bailey   | Offered knowledge of Static Discharge by Vehumet.
  9081 | Bailey   | Reached skill level 1 in Short Blades
  9148 | Bailey   | Noticed an orc knight
  9203 | Bailey   | Killed an orc knight
  9204 | Bailey   | Reached XP level 10. HP: 18/56 MP: 4/22
 10032 | D:9      | Reached skill level 5 in Stealth
 10345 | D:9      | Reached *** piety under Vehumet
 10671 | D:9      | Found an ancient bone altar of Kikubaaqudgha.
 10878 | D:9      | Reached skill level 9 in Staves
 11033 | D:9      | Noticed a two-headed ogre
 11039 | D:9      | Slain by a two-headed ogre

Illustrated notes

Levels and vault maps discovered:
D:1:      onia_arrival_handbag, layout_rooms, serial_bayou,
          serial_bayou_lagoon_a, serial_bayou_pond_a, serial_bayou_crossing,
          serial_bayou_pond_d
D:2:      layout_basic, basic_altar
D:3:      layout_rooms, serial_shops, shop, minmay_misc_feat_diagonals,
          corexii_item_surrounded_by_moat, minmay_cupped
D:4:      layout_cave_pods, zin_academy, trog_three_pillars_becter
D:5:      layout_basic, nicolae_ru_awakened_eye, minmay_temple_entry_large_hall
D:6:      layout_cave_pools, kennysheep_mini, enter_ossuary_1
D:7:      layout_loops_ring, lemuel_coloured_pillars_altar, serial_shops, shop
D:8:      layout_loops_ring, serial_shops, nicolae_shop_bloodbath_and_beyond,
          minmay_misc_feat_iff, amcnicky_mini_pool_small, uniq_pikel
D:9:      layout_small_grid, lemuel_mausoleum_altar_kikubaaqudgha,
          enter_bailey_3, nicolae_benzene_ring
Temple:   compressed_dpeg_circular_temple

Skill      XL: |  1  2  3  4  5  6  7  8  9 10 |
---------------+-------------------------------+-----
Earth Magic    | 4 5 6 7 8 |  8.6
Spellcasting   | 4 5 6 7 |  7.0
Fire Magic     | 1 2 3 |  3.0
Conjurations   | 1 2 4 6 7 |  7.9
Stealth        | 3 4 6 |  6.5
Dodging        | 3 |  3.0
Staves         | 1 3 5 8 9 |  9.0
Transmutations | 2 |  2.0
Fighting       | 2 3 |  3.0
Short Blades   | 1 2 |  2.0

Action                   |  1- 3 |  4- 6 |  7- 9 | 10-12 || total
-------------------------+-------+-------+-------+-------++-------
Melee: Unarmed           |     3 |     1 |       |       ||     4
       Quarterstaff      |       |       |    77 |    17 ||    94
       Knife             |       |       |    67 |    41 ||   108
       Punch             |       |       |     1 |     2 ||     3
Throw: Dart              |       |       |     1 |       ||     1
 Cast: Sandblast         |    47 |     6 |    33 |     3 ||    89
       Scorch            |       |    30 |    88 |    27 ||   145
       Stone Arrow       |       |    16 |    62 |    15 ||    93
       Conjure Flame     |       |       |     2 |     3 ||     5
       Iron Shot         |       |       |       |     4 ||     4
  Use: Scroll            |     2 |     6 |    10 |     1 ||    19
       Potion            |       |     1 |     4 |     1 ||     6
 Stab: Sleeping          |       |       |     4 |     9 ||    13
       Distracted        |       |       |     1 |       ||     1
Armor: Robe              |     6 |     5 |       |       ||    11
       Animal skin       |       |     8 |    83 |    17 ||   108
Dodge: Dodged            |    10 |    36 |   287 |    72 ||   405
